 Dungeon Crawl Stone Soup version 0.31-a0-1370-gf52a5a9ab3 (webtiles) character file.

Game seed: 11471731550565763912

82 Laraso the Cudgeller (level 4, -1/48 HPs)
             Began as an Oni Cinder Acolyte on Dec 23, 2023.
             Was a High Priest of Ignis.
             Slain by a cerulean imp
             ... wielding a +2 spear
             ... summoned by Natasha
              (2 damage)
             ... on level 3 of the Dungeon.
             The game lasted 00:02:51 (1586 turns).

Laraso the Cudgeller (Oni Cinder Acolyte)           Turns: 1586, Time: 00:02:51

Health: -1/48      AC:  3    Str: 18    XL:     4   Next: 43%
Magic:  2/7        EV:  9    Int: 17    God:    Ignis [*****.]
Gold:   126        SH:  0    Dex:  4    Spells: 5/7 levels left

rFire   + . .        a - -1 mace (flame)
rCold   . . .        (no shield)
rNeg    . . .        b - +0 robe
rPois   .            (helmet restricted)
rElec   .            (no cloak)
rCorr   .            (gloves unavailable)
SInv    .            (boots unavailable)
Will    .....        (no amulet)
Stlth   +            (no ring)
HPRegen 0.28/turn    (no ring)
MPRegen 0.10/turn

%: no passive effects
@: slowed, very slow
A: large, unfitting armour, horns 1, tough skin 1, double potion healing,
drunken brawling
a: Renounce Religion, Fiery Armour, Foxfire Swarm, Rising Flame


You were on level 3 of the Dungeon.
You worshipped Ignis.
Ignis was extremely pleased with you.
You visited 1 branch of the dungeon, and saw 3 of its levels.

You collected 126 gold pieces.

Inventory:

Hand Weapons
 a - a -1 mace of flaming (weapon)
Armour
 b - a +0 robe (worn)
Jewellery
 l - a ring of positive energy
Scrolls
 c - a scroll of teleportation {unknown}
 d - 3 scrolls of identify {unknown}
 e - a scroll of vulnerability {unknown}
 i - a scroll of torment {unknown}
 j - a scroll of blinking {unknown}
 k - a scroll of immolation {unknown}
 m - a scroll of fear {unknown}
 n - a scroll of enchant weapon {unknown}
 o - a scroll of poison {unknown}
Potions
 f - a potion of curing {unknown}
 g - a potion of attraction {unknown}
 h - a potion of enlightenment {unknown}


   Skills:
 - Level 4.0 Fighting
 * Level 4.2 Maces & Flails
 + Level 2.3 Spellcasting
 + Level 3.2 Fire Magic


You had 5 spell levels left.
You knew the following spells:

 Your Spells              Type           Power      Damage    Failure   Level
a - Scorch                Fire           26%        2d6       8%          2

Your spell library contained the following spells:

 Spells                   Type           Power      Damage    Failure   Level
 Frozen Ramparts          Ice            4%         1d1       50%         3
 Leda's Liquefaction      Alch/Erth      1%         N/A       88%         4
 Petrify                  Alch/Erth      2%         N/A       88%         4
 Metabolic Englaciation   Hex/Ice        1%         N/A       99%         5


Dungeon Overview and Level Annotations

Branches:
Dungeon (3/15)

Altars:

Annotations:
D:3 Natasha


Innate Abilities, Weirdness & Mutations

You are too large for most types of armour.
You have a pair of small horns on your head.
You have tough skin. (AC +1)
You gain doubled healing and magic from potions.
Whenever you drink a healing potion, you attack all around you.


Message History

Natasha is almost dead.
Natasha claws you but does no damage.
You miss Natasha.
Natasha is almost dead.
Natasha is no longer more vulnerable to fire.
Natasha hisses.
Natasha claws you but does no damage. x2
You closely miss Natasha.
Natasha is almost dead.
Natasha barely misses you. Natasha claws you!
You closely miss Natasha.
Natasha is almost dead.
Natasha claws you.
* * * LOW HITPOINT WARNING * * *
Natasha casts a spell at you. The magic dart hits you.
* * * LOW HITPOINT WARNING * * *
You closely miss Natasha.
Natasha is almost dead.
Natasha claws you.
* * * LOW HITPOINT WARNING * * *
Natasha mumbles some strange words.
Unknown command.
You barely miss Natasha.
Natasha is almost dead.
Natasha mumbles some strange words.
The cerulean imp barely misses you.
You barely miss Natasha. Your headbutt misses Natasha.
Natasha is almost dead.
Natasha barely misses you. The cerulean imp barely misses you.
The cerulean imp hits you from afar with a +2 spear.
* * * LOW HITPOINT WARNING * * *
Natasha claws you!
* * * LOW HITPOINT WARNING * * *
The cerulean imp hits you but does no damage.
You aren't carrying any items that you can evoke.
You miss Natasha.
Natasha is almost dead.
The cerulean imp hits you from afar with a +2 spear.
You die...

#.....#.....
#.....####...
##..........#
#......######
######..#
#####.######
#..5......>#
#..........#
#h@........#
#...5..........#
#..###.........<#
. #..........#
############


You could see Natasha and 2 cerulean imps.

Vanquished Creatures
  4 adders
  A worm (D:2)
  A dart slug (D:2)
  3 bats
  6 endoplasms
  6 goblins
  5 hobgoblins
  2 quokkas
  3 ball pythons (D:1)
  5 frilled lizards
  3 kobolds
  2 rats (D:2)
41 creatures vanquished.

Notes
Turn   | Place    | Note
-------+----------+-------------------------------------------
     0 | D:1      | Laraso the Oni Cinder Acolyte began the quest for the Orb.
     0 | D:1      | Reached XP level 1. HP: 24/24 MP: 2/2
   129 | D:1      | Reached XP level 2. HP: 31/32 MP: 2/4
   203 | D:1      | Found a faded altar of an unknown god.
   566 | D:2      | Reached XP level 3. HP: 38/39 MP: 4/6
   569 | D:2      | Learned a level 2 spell: Scorch
  1148 | D:2      | Reached XP level 4. HP: 47/48 MP: 2/7
  1566 | D:3      | Noticed Natasha
  1585 | D:3      | HP: 1/48 [Natasha (7)]
  1586 | D:3      | Slain by a cerulean imp

Illustrated notes

Levels and vault maps discovered:
D:1:      heliophobic_arrival_battle_scene, layout_rooms,
          basic_ecumenical_altar, grunt_decor_junction
D:2:      layout_loops_ring
D:3:      layout_rooms, grunt_temple_overflow_cloverleaf, minmay_starry_boxes,
          uniq_natasha, uniq_crazy_yiuf_cottage

Skill      XL: |  1  2  3 |
---------------+----------+-----
Spellcasting   | 2 |  2.3
Fire Magic     | 3 |  3.2
Maces & Flails | 4 |  4.2
Fighting       | |  4.0

Action                     |  1- 3 |  4- 6 || total
---------------------------+-------+-------++-------
  Melee: Mace              |    69 |    21 ||    90
         Headbutt          |     5 |     4 ||     9
   Cast: Scorch            |     5 |     9 ||    14
 Invoke: Fiery Armour      |     1 |       ||     1
 Armour: Robe              |    45 |    24 ||    69
  Dodge: Dodged            |    34 |    15 ||    49

Table legend: (Time is in decaauts)
 A = Elapsed time spent in this place.
 B = Non-inter-level travel time spent in this place.
 C = Inter-level travel time spent in this place.
 D = Time resting spent in this place.
 E = Time spent auto-exploring this place.
 F = Levels seen in this place.
 G = Mean time per level.
                   A        B        C        D        E       F      G
               +--------+--------+--------+--------+--------+-----+--------+
         Total |   1611 |   1579 |     32 |     78 |   1209 |   3 |  537.0 |
       Dungeon |   1611 |   1579 |     32 |     78 |   1209 |   3 |  537.0 |
               +--------+--------+--------+--------+--------+-----+--------+

Top non-repeatable levels by time:
     D:2: 888 daAuts
     D:1: 527 daAuts
     D:3: 194 daAuts
